 Dungeon Crawl Stone Soup version 0.20.0-15-g7f486f2 (webtiles) character file.

318 Omegatherion the Skirmisher (level 6, 0/41 HPs)
             Began as a Gargoyle Fighter on June 29, 2017.
             Killed by nerve-wracking pain
             ... invoked by Grinder
              (7 damage)
             ... on level 3 of the Dungeon.
             The game lasted 00:03:07 (2058 turns).

Omegatherion the Skirmisher (Gargoyle Fighter)      Turns: 2058, Time: 00:03:08

Health: 0/41       AC: 13    Str: 22    XL:     6   Next: 45%
Magic:  6/6        EV:  7    Int:  8    God:
Gold:   66         SH:  9    Dex:  9    Spells: 5/5 levels left

rFire    . . .     SeeInvis +   a - +0 flail
rCold    . . .     Gourm    .   c - +0 shield
rNeg     + . .     Faith    .   b - +0 scale mail
rPois    ∞         Spirit   .   (no helmet)
rElec    +         Reflect  .   y - +0 cloak
rCorr    .         Harm     .   (no gloves)
MR       .....                  x - +0 pair of boots
Stlth    ..........             (no amulet)
Regen    0.2/turn               e - ring of see invisible (curse)
MPRegen  0.1/turn               (no ring)

@: no status effects
A: negative energy resistance 1, electricity resistance, unbreathing,
petrification resistance, rot immunity, AC +4
a: no special abilities


You were on level 3 of the Dungeon.
You were not hungry.

You visited 1 branch of the dungeon, and saw 3 of its levels.

You collected 66 gold pieces.

Inventory:

Hand Weapons
 a - a +0 flail (weapon)
Armour
 b - a +0 scale mail (worn)
 c - a +0 shield (worn)
 p - a +0 large shield
 t - a +0 chain mail
 x - a +0 pair of boots (worn)
 y - a +0 cloak (worn)
Jewellery
 e - a cursed ring of see invisible (left hand)
 w - a +3 ring of slaying {unknown}
Scrolls
 h - 2 scrolls of teleportation {unknown}
 k - a scroll of amnesia {unknown}
 m - 2 scrolls of remove curse {unknown}
 n - a scroll of fear {unknown}
 o - a scroll of noise {unknown}
 s - a scroll of identify {unknown}
 u - a scroll of magic mapping {unknown}
Potions
 d - a potion of might
 g - 3 potions of heal wounds {unknown}
 j - a potion of curing {unknown}
 l - a potion of magic {unknown}
 q - a potion of agility {unknown}
 r - a potion of flight {unknown}
 z - a potion of invisibility {unknown}
Comestibles
 f - 2 bread rations
 i - a meat ration


   Skills:
 + Level 5.8 Fighting
 + Level 4.9 Maces & Flails
 - Level 3.2 Armour
 - Level 3.2 Shields


You had 5 spell levels left.
You didn't know any spells.

Dungeon Overview and Level Annotations

Branches:
Dungeon (3/15)

Altars:
Ashenzari

Annotations:
D:3 Grinder


Innate Abilities, Weirdness & Mutations

You are resistant to torment.
Your stone body is resilient. (AC +4)
You are immune to poison.
You resist negative energy. (rN+)
You are resistant to electric shocks. (rElec)
You can survive without breathing.
You are immune to petrification.
You are immune to rotting.


Message History

You hit Grinder.
Grinder is lightly wounded.
Grinder barely misses you.
You hit Grinder.
Grinder is lightly wounded.
Grinder hits you.
* * * LOW HITPOINT WARNING * * *
You writhe in agony.
* * * LOW HITPOINT WARNING * * *
You closely miss Grinder.
Grinder is lightly wounded.
Grinder gestures at you. Pain shoots through your body!
* * * LOW HITPOINT WARNING * * *
You barely miss Grinder.
Grinder is lightly wounded.
Grinder barely misses you. Grinder gestures at you.
Pain shoots through your body!
You die...

#.# #..##_# # #.#
#.†##.# #
#.########..##.####
#.................#
##########..#..###.
#.....# #.
#.#...###.
##########.#..#...#
#.@.........#......
#5##########..##.#.
#.. #..##.#. ...#
#....... ###.
#..##.#. ##
#<.##... #......#
##.###.# #.# #.#


You could see Grinder.

Vanquished Creatures
  Sigmund (D:3)
  An orc priest (D:3)
  4 gnolls (D:2)
  4 adders
  2 oozes
  A worm (D:2)
  2 dart slugs
  3 leopard geckos
  4 orcs (D:3)
  A ball python (D:1)
  2 giant cockroaches
  3 goblins
  9 hobgoblins
  A jackal (D:1)
  2 bats (D:1)
  A frilled lizard (D:3)
  5 kobolds
  5 rats
51 creatures vanquished.

Notes
Turn   | Place    | Note
-------+----------+-------------------------------------------
     0 | D:1      | Omegatherion the Gargoyle Fighter began the quest for the Orb.
     0 | D:1      | Reached XP level 1. HP: 14/14 MP: 1/1
   126 | D:1      | Reached XP level 2. HP: 12/19 MP: 2/2
   421 | D:1      | Reached XP level 3. HP: 19/24 MP: 3/3
   788 | D:2      | Reached skill level 4 in Fighting
   921 | D:2      | Reached XP level 4. HP: 28/29 MP: 4/4
  1437 | D:2      | Reached XP level 5. HP: 34/34 MP: 5/5
  1789 | D:3      | Reached skill level 5 in Fighting
  1858 | D:3      | Found a faded altar of an unknown god.
  1968 | D:3      | Found a shattered altar of Ashenzari.
  2013 | D:3      | Noticed Sigmund
  2026 | D:3      | Killed Sigmund
  2026 | D:3      | Reached XP level 6. HP: 26/41 MP: 6/6
  2049 | D:3      | Noticed Grinder
  2058 | D:3      | Killed from afar by Grinder

Skill      XL: |  1  2  3  4  5 |
---------------+----------------+-----
Fighting       | 4 5 |  5.8
Maces & Flails | 3 4 |  4.9
Armour         | |  3.2
Shields        | |  3.2

Action                   |  1- 3 |  4- 6 || total
-------------------------+-------+-------++-------
Melee: Flail             |   108 |   114 ||   222
  Eat: Chunk             |       |     4 ||     4
Armor: Scale mail        |    63 |    45 ||   108
Dodge: Dodged            |    37 |    25 ||    62
Block: Shield            |    55 |    52 ||   107
